 Dungeon Crawl Stone Soup version 0.23-a0-622-g59b4ea9 (console) character file.

98 bli the Chopper (level 5, -1/41 HPs)
             Began as a Formicid Abyssal Knight on Dec 23, 2018.
             Was a Follower of Lugonu.
             Killed by divine providence
             ... invoked by an orc priest
              (13 damage)
             ... on level 3 of the Dungeon.
             The game lasted 00:07:19 (2354 turns).

bli the Chopper (Formicid Abyssal Knight)           Turns: 2354, Time: 00:07:19

Health: -1/41      AC:  4    Str: 17    XL:     5   Next: 1%
Magic:  6/6        EV: 12    Int: 11    God:    Lugonu [*.....]
Gold:   79         SH:  0    Dex: 11    Spells: 4/4 levels left

rFire    + . .     SeeInvis +   a - +1 hand axe
rCold    . . .     Gourm    .   (no shield)
rNeg     . . .     Faith    .   u - +0 leather armour
rPois    .         Spirit   .   (helmet unavailable)
rElec    .         Reflect  .   (no cloak)
rCorr    .         Harm     .   n - +0 pair of gloves
MR       .....                  (no boots)
Stlth    +.........             (no amulet)
HPRegen  0.13/turn              q - ring of protection from fire
MPRegen  0.10/turn              (no ring)

@: no status effects
A: permanent stasis, dig shafts and tunnels, four strong arms, antennae 3
a: Dig, Shaft Self, Depart the Abyss, Renounce Religion


You were on level 3 of the Dungeon.
You worshipped Lugonu.
Lugonu was aware of your devotion.
You were not hungry.

You visited 1 branch of the dungeon, and saw 3 of its levels.
You visited the Abyss 1 time.

You collected 79 gold pieces.

Inventory:

Hand Weapons
 a - a +1 hand axe (weapon)
 b - a +0 hunting sling
 p - a +1 dagger of speed
 s - a +0 trident
Missiles
 e - 128 stones (quivered)
 w - 5 sling bullets
Armour
 n - a +0 pair of gloves (worn)
 u - a +0 leather armour (worn)
Magical Staves
 r - an uncursed staff of power
Jewellery
 q - a ring of protection from fire (left hand)
Scrolls
 i - 4 scrolls of identify {unknown}
 j - 3 scrolls of teleportation {unknown}
 k - 2 scrolls of remove curse {unknown}
 l - a scroll of enchant armour {unknown}
 o - 5 scrolls of enchant weapon {unknown}
 t - a scroll of fear {unknown}
Potions
 d - a potion of heal wounds {unknown}
 f - a potion of might {unknown}
 g - a potion of mutation {unknown}
 h - a potion of degeneration {unknown}
 m - a potion of brilliance {unknown}
Comestibles
 c - 2 rations
 v - 2 chunks of flesh


   Skills:
 - Level 3.2 Fighting
 * Level 4.0 Axes
 + Level 2.8 Armour
 * Level 1.9 Dodging
 - Level 2.1 Invocations


You had 4 spell levels left.
You didn't know any spells.
Your spell library was empty.

Dungeon Overview and Level Annotations

Branches:
Dungeon (3/15)

Altars:
Dithmenos
Yredelemnul
Zin


Innate Abilities, Weirdness & Mutations

You cannot be hasted, slowed, berserked, paralysed or teleported.
You can dig through walls and to a lower floor.
Your four strong arms can wield two-handed weapons with a shield.
You have a pair of large antennae on your head. (SInv)


Message History

The orc is severely wounded.
The orc priest calls down the wrath of Beogh upon you.
Beogh smites you!
* * * LOW HITPOINT WARNING * * *
The orc hits you but does no damage.
You hit the orc.
You kill the orc!
Lugonu accepts your kill.
You slash the adder!
The adder is severely wounded.
The adder barely misses you. The adder closely misses you.
You hit the adder.
You kill the adder!
Lugonu accepts your kill.
Your Axes skill increases to level 4!
You have reached level 5!
The jackal bites you but does no damage.
The orc priest calls down the wrath of Beogh upon you.
Beogh smites you!
You die...

#.......
...#.......
{
o..#.......
{
.S.#.......
{
...#.......
{{..
#....... (#
#......P
#######.#
#.......
#o..{...#
######.P
#h#######
#.. #@# ###
#.# #รท#
#.######
#......#
######.#
#.# #.#
#####.#
#...#.#
#...#.##


You could see an orc priest and a jackal.

Vanquished Creatures
  5 adders
  2 dart slugs
  2 leopard geckos
  An orc (D:3)
  A ball python (D:1)
  6 giant cockroaches
  6 goblins
  6 hobgoblins
  A quokka (D:3)
  5 bats
  2 frilled lizards (D:1)
  4 kobolds
  5 rats
46 creatures vanquished.

Notes
Turn   | Place    | Note
-------+----------+-------------------------------------------
     0 | Abyss:1  | bli the Formicid Abyssal Knight began the quest for the
                  | Orb.
     0 | Abyss:1  | Reached XP level 1. HP: 18/18 MP: 2/2
    60 | Abyss:1  | Noticed a water elemental
    66 | Abyss:1  | Noticed a starcursed mass
    67 | D:1      | Escaped the Abyss
   138 | D:1      | Reached skill level 1 in Dodging
   205 | D:1      | Reached * piety under Lugonu
   233 | D:1      | Reached XP level 2. HP: 23/24 MP: 3/3
   921 | D:2      | Reached skill level 3 in Axes
   921 | D:2      | Reached XP level 3. HP: 25/29 MP: 4/4
  1419 | D:2      | Found a shadowy altar of Dithmenos.
  1526 | D:2      | Found a glowing silver altar of Zin.
  1657 | D:3      | Reached XP level 4. HP: 27/35 MP: 5/5
  1665 | D:3      | Found a basalt altar of Yredelemnul.
  2354 | D:3      | Reached skill level 4 in Axes
  2354 | D:3      | Reached XP level 5. HP: 12/41 MP: 6/6
  2354 | D:3      | Killed from afar by an orc priest

Vault maps used:
D:1:      lightli_arrival_windingriver
D:2:      overflow_temple_1_default, zin_treasury
D:3:      yredelemnul_altar_generic
Abyss:1:  hangedman_steaming_rock

Skill      XL: |  1  2  3  4 |
---------------+-------------+-----
Dodging        | 1 |  1.9
Axes           | 3 4 |  4.0
Fighting       | |  3.2
Armour         | |  2.8
Invocations    | |  2.1

Action                   |  1- 3 |  4- 6 || total
-------------------------+-------+-------++-------
Melee: Hand axe          |   138 |    49 ||   187
 Fire: Hunting sling     |       |     2 ||     2
Throw: Stone             |    20 |    10 ||    30
Invok: Depart the Abyss  |     1 |       ||     1
 Stab: Sleeping          |       |     1 ||     1
  Eat: Chunk             |     2 |     3 ||     5
Armor: Leather armour    |    31 |    14 ||    45
Dodge: Dodged            |    74 |    31 ||   105

Table legend:
 A = Non-vault XP
 B = Vault XP
 C = Vault XP percentage of total XP
 D = Non-vault monster count
 E = Vault monster count
 F = Vault count percentage of total count
                 A         B        C        D         E       F
            +---------+---------+-------+---------+---------+-------
      Total |     141 |       0 |   0.0 |      46 |       0 |   0.0
            +---------+---------+-------+---------+---------+-------
        D:1 |      23 |       0 |   0.0 |      14 |       0 |   0.0
        D:2 |      43 |       0 |   0.0 |      18 |       0 |   0.0
        D:3 |      75 |       0 |   0.0 |      14 |       0 |   0.0
            +---------+---------+-------+---------+---------+-------
